 Dungeon Crawl Stone Soup version 0.30.0-19-g36f170ea60 (webtiles) character file.

Game seed: 5763797327693119797

30 CaptainMV the Magician (level 3, -2/22 (28) HPs)
             Began as a Draconian Wanderer on June 1, 2023.
             Slain by a hobgoblin (3 damage)
             ... on level 1 of the Dungeon.
             The game lasted 00:04:17 (558 turns).

CaptainMV the Magician (Draconian Wanderer)          Turns: 558, Time: 00:04:19

HP:   -2/22 (28)    AC:  5    Str: 15    XL:     3   Next: 5%
MP:   5/7           EV: 11    Int: 16    God:
Gold: 76            SH:  0    Dex:  7    Spells: 7/8 levels left

rFire   . . .        a - +0 club
rCold   . . .        (no shield)
rNeg    . . .        (body armour unavailable)
rPois   .            (helmet restricted)
rElec   .            (no cloak)
rCorr   .            (no gloves)
SInv    .            (no boots)
Will    .....        (no amulet)
Stlth   +            (no ring)
HPRegen 0.23/turn    (no ring)
MPRegen 0.10/turn

%: no passive effects
@: very slightly contaminated, heavily drained
A: AC +5, unfitting armour, cold-blooded
a: no special abilities


You were on level 1 of the Dungeon.
You visited 1 branch of the dungeon, and saw 1 of its levels.

You collected 76 gold pieces.

Inventory:

Hand Weapons
 a - a +0 club (weapon)
Wands
 c - a wand of flame (5)
Scrolls
 b - a scroll of butterflies
 d - 2 scrolls of teleportation {unknown}
Potions
 e - a potion of curing {unknown}


   Skills:
 + Level 1.3 Fighting
 + Level 0.6 Maces & Flails
 + Level 1.7 Dodging
 + Level 1.1 Stealth
 + Level 3.2 Spellcasting
 + Level 3.0 Necromancy
 + Level 1.0 Poison Magic
 + Level 1.0 Evocations


You had 7 spell levels left.
You knew the following spells:

 Your Spells              Type           Power      Damage    Failure   Level
a - Kiss of Death         Conj/Necr      28%        2d7       10%         1

Your spell library contained the following spells:

 Spells                   Type           Power      Damage    Failure   Level
 Cigotuvi's Dreadful Rot  Necr/Pois/Air  12%        N/A       16%         2
 Poisonous Vapours        Pois/Air       8%         N/A       22%         2
 Dispel Undead            Necr           12%        3d9       45%         4


Dungeon Overview and Level Annotations

Branches:
Dungeon (1/15)

Altars:


Innate Abilities, Weirdness & Mutations

Your plain brown scales are hard. (AC +5)
You cannot fit into any form of body armour.
You are cold-blooded and may be slowed by cold attacks.


Message History

The quokka bites you but does no damage.
The ball python bites you.
* * * LOW HITPOINT WARNING * * *
The ball python constricts you.
* * * LOW HITPOINT WARNING * * *
Casting: Kiss of Death (safe; 10% risk of failure)
Confirm with . or Enter, or press ? or * to list all spells.
Aiming: Kiss of Death (safe; 10% risk of failure)
Press: ? - help, Shift-Dir - straight line, f - quokka
Aim: a quokka (100% to hit)
The negative energy hits the quokka.
The quokka is drained!
You kill the quokka!
You feel drained.
The ball python bites you but does no damage.
The ball python constricts you.
The hobgoblin hits you but does no damage.
You closely miss the ball python. You tail-slap the ball python.
You kill the ball python!
The hobgoblin closely misses you.
You hit the hobgoblin but do no damage.
The hobgoblin is moderately wounded.
The hobgoblin closely misses you.
The hobgoblin hits you but does no damage.
You closely miss the hobgoblin.
The hobgoblin is moderately wounded.
The hobgoblin hits you.
* * * LOW HITPOINT WARNING * * *
You barely miss the hobgoblin.
The hobgoblin is moderately wounded.
The hobgoblin misses you.
Unknown command.
Casting: Kiss of Death (safe; 10% risk of failure)
Confirm with . or Enter, or press ? or * to list all spells.
Aiming: Kiss of Death (safe; 10% risk of failure)
Press: ? - help, Shift-Dir - straight line, f - hobgoblin
Aim: a hobgoblin (moderately wounded, 100% to hit)
You miscast Kiss of Death.
You are very lightly contaminated with residual magic.
Nothing appears to happen.
The hobgoblin hits you.
You die...

####8#####
#....###
###...... ###
#....##
.........
#.....#
..#.....
#######.## # .
#.....
#........##.#
#.....
#...........# .
#.#.#.
#........#.....
#.....
.........#...##
#.....
.......@.......
##....
.......g.......
#....
#..............
#....
#..............
#....
#..............
#####
#..............
#..............
#..............


You could see a hobgoblin.

Vanquished Creatures
  2 dart slugs (D:1)
  2 bats (D:1)
  A goblin (D:1)
  4 hobgoblins (D:1)
  3 jackals (D:1)
  2 kobolds (D:1)
  2 quokkas (D:1)
  5 ball pythons (D:1)
  3 rats (D:1)
24 creatures vanquished.

Notes
Turn   | Place    | Note
-------+----------+-------------------------------------------
     0 | D:1      | CaptainMV the Draconian Wanderer began the quest for the
                  | Orb.
     0 | D:1      | CaptainMV set off with the following items: a +0 club, a
                  | scroll of butterflies, a wand of flame (5); and the
                  | following spell memorised: Kiss of Death; and the following
                  | spells available to memorise: Cigotuvi's Dreadful Rot,
                  | Poisonous Vapours, Dispel Undead.
     0 | D:1      | Reached XP level 1. HP: 14/14 MP: 4/4
   191 | D:1      | Reached XP level 2. HP: 12/20 MP: 6/6
   308 | D:1      | Reached skill level 1 in Fighting
   534 | D:1      | Reached XP level 3. HP: 27/27 MP: 7/7
   556 | D:1      | HP: 1/22 [hobgoblin (3)]
   558 | D:1      | Slain by a hobgoblin

Illustrated notes

Levels and vault maps discovered:
D:1:      heliophobic_arrival_dark_side_of_the_moon, layout_basic, st_stairs_10,
          minmay_pentomino_t4

Skill      XL: |  1  2 |
---------------+-------+-----
Fighting       | 1 |  1.3
Maces & Flails | |  0.6
Dodging        | |  1.7
Stealth        | |  1.1
Spellcasting   | |  3.2
Necromancy     | |  3.0
Poison Magic   | |  1.0
Evocations     | |  1.0

Action                     || total
---------------------------++-------
  Melee: Club              ||   118
         Tailslap          ||     7
         Punch             ||     1
   Cast: Kiss of Death     ||     4
 Armour: Skin              ||    79
  Dodge: Dodged            ||   110
